 Dungeon Crawl Stone Soup version bcrawl-1.17.3 (webtiles) character file.

Game seed: 5290937330658493255

224 Chiseanne the Ducker (level 5, -3/38 HPs)
             Began as a Mummy Archaeologist on Oct 25, 2019.
             Slain by a troll (6 damage)
             ... on level 4 of the Dungeon.
             The game lasted 00:06:35 (3585 turns).

Chiseanne the Ducker (Mummy Archaeologist)          Turns: 3585, Time: 00:06:35

Health: -3/38      AC: 16    Str: 15    XL:     5   Next: 67%
Magic:  5/5        EV:  8    Int: 14    God:
Gold:   223        SH: 11    Dex: 10    Spells: 4/4 levels left

rFire    x . .     SeeInvis .   a - +2 flail (protect)
rCold    + . .     Gourm    .   k - +1 large shield
rNeg     + + +     Faith    .   o - +1 ring mail
rPois    ∞         Spirit   .   c - +1 hat
rElec    .         Reflect  .   (no cloak)
rCorr    .         Harm     .   (no gloves)
MR       .....     Clarity  +   d - +1 pair of boots
Stlth    +.........             (no amulet)
HPRegen  0.12/turn              (no ring)
MPRegen  0.09/turn              (no ring)

@: protection aura, studying Dodging
A: no food or potions, fire vulnerability, clarity, cold resistance 1, negative
energy resistance 3, torment resistance, unbreathing
a: no special abilities


You were on level 4 of the Dungeon.
You were not hungry.

You visited 1 branch of the dungeon, and saw 4 of its levels.

You collected 223 gold pieces.

Inventory:

Hand Weapons
 a - a +2 flail of protection (weapon)
 s - a +2 hand axe of freezing
Missiles
 h - 735 stones (quivered)
 j - 138 bolts
 n - 180 sling bullets
Armour
 c - a +1 hat (worn)
 d - a +1 pair of boots (worn)
 k - a +1 large shield (worn)
 o - a +1 ring mail (worn)
Scrolls
 g - a scroll of remove curse
 i - 2 scrolls of identify
Books
 e - a manual of Dodging
Miscellaneous
 f - an ancient crate


   Skills:
 - Level 2.0 Fighting
 - Level 0.7 Maces & Flails
 + Level 6.5 Dodging
 - Level 2.6 Stealth
 - Level 0.5 Shields


You had 4 spell levels left.
You didn't know any spells.
Your spell library was empty.

Dungeon Overview and Level Annotations

Branches:
Dungeon (4/12)
 Temple: D:4-7

Altars:
Cheibriados
Dithmenos
Hepliaklqana
Nemelex Xobeh
Okawaru
Ru
Vehumet
Xom
The Shining One


Innate Abilities, Weirdness & Mutations

You do not eat or drink.
Your flesh is vulnerable to fire.
You are immune to poison.
You possess an exceptional clarity of mind.
Your flesh is cold resistant. (rC+)
You are immune to negative energy. (rN+++)
You are immune to unholy pain and torment.
You can survive without breathing.


Message History

* * * LOW HITPOINT WARNING * * *
The orc wizard casts a spell at you. The puff of frost hits you! You resist.
* * * LOW HITPOINT WARNING * * *
The orc wizard points at you and mumbles some strange words.
The magic dart hits you!
* * * LOW HITPOINT WARNING * * *
There is an open door here.
Things that are here:
an orc corpse x2
Okay, then.
You can't drink.
Unknown command.
Evoke which item? (* to show all) (? for menu, Esc to quit)
Okay, then.
You hit the troll.
Your weapon exudes an aura of protection.
The troll is lightly wounded.
The troll bites you.
You die...

###### #### #....# #########.# #
.... #....# #aT@......######.#
.... +...o###'##########...#.#
.... #....oo.....# #........#
.... #....o#.....# #.##.#.#####
.... #.....#.....####.##.#......
....###................##.#######
...........##########.....#
...........+ ........#####
.###.......# #########


You could see a troll, a worker ant, an orc wizard and an orc.

Vanquished Creatures
  A hound (D:2)
  A bullfrog skeleton (D:4)
  2 orc wizards
  An ooze (D:2)
  A worm (D:1)
  3 dart slugs
  4 leopard geckos
  15 orcs
  3 bats
  5 giant cockroaches
  6 goblins
  10 hobgoblins
  3 jackals
  4 quokkas
  5 frilled lizards
  7 kobolds
  5 rats
76 creatures vanquished.

Notes
Turn   | Place    | Note
-------+----------+-------------------------------------------
     0 | D:1      | Chiseanne the Mummy Archaeologist began the quest for the
                  | Orb.
     0 | D:1      | Reached XP level 1. HP: 15/15 MP: 1/1
   416 | D:1      | Reached XP level 2. HP: 13/21 MP: 2/2
  1064 | D:2      | Reached XP level 3. HP: 27/27 MP: 3/3
  1125 | D:2      | Reached skill level 3 in Dodging
  1386 | D:2      | Found a sacrificial altar of Ru.
  1387 | D:2      | Found a glowing golden altar of the Shining One.
  1387 | D:2      | Found a shadowy altar of Dithmenos.
  1402 | D:2      | Found a radiant altar of Vehumet.
  1403 | D:2      | Found a shimmering altar of Xom.
  1405 | D:2      | Found an iron altar of Okawaru.
  1407 | D:2      | Found a hazy altar of Hepliaklqana.
  1408 | D:2      | Found a sparkling altar of Nemelex Xobeh.
  1891 | D:2      | Reached skill level 4 in Dodging
  2256 | D:2      | Reached XP level 4. HP: 30/33 MP: 4/4
  2466 | D:3      | Reached skill level 5 in Dodging
  2888 | D:2      | Reached XP level 5. HP: 20/38 MP: 5/5
  3177 | D:3      | Found a snail-covered altar of Cheibriados.
  3454 | D:4      | Reached skill level 6 in Dodging
  3562 | D:4      | Noticed a troll
  3585 | D:4      | Slain by a troll

Skill      XL: |  1  2  3  4  5 |
---------------+----------------+-----
Fighting       | 2 |  2.0
Dodging        | 4 5 6 |  6.5
Maces & Flails | |  0.7
Stealth        | |  2.6
Shields        | |  0.5

Action                   |  1- 3 |  4- 6 || total
-------------------------+-------+-------++-------
Melee: Whip              |    61 |       ||    61
       Spear             |   104 |       ||   104
       Short sword       |    69 |    94 ||   163
       Flail             |       |    26 ||    26
       Hand axe          |       |    14 ||    14
  Use: Scroll            |     4 |     3 ||     7
 Stab: Sleeping          |     8 |       ||     8
Armor: Robe              |    32 |       ||    32
       Ring mail         |    65 |    57 ||   122
Dodge: Dodged            |   106 |    42 ||   148
Block: Large shield      |   127 |    93 ||   220
